[Event "Fagernes GM Open Autumn 2024"]
[Site "Fagernes"]
[Date "2024.10.07"]
[Round "2.11"]
[White "Kanyamarala, Tarun"]
[Black "Sasikiran, Krishnan"]
[Result "0-1"]
[ECO "E51"]
[WhiteElo "2369"]
[BlackElo "2571"]
[Annotator "TA"]
[PlyCount "78"]
[EventDate "2024.10.03"]
[EventType "swiss"]
[EventCountry "NOR"]
[SourceTitle "playchess.com"]
[Source "ChessBase"]
[SourceQuality "1"]
[TimeControl "40/6000:2400+30"]

1. d4 Nf6 2. c4 e6 3. Nc3 Bb4 4. e3 O-O 5. Bd2 d5 6. Nf3 b6 7. cxd5 exd5 8. Bd3 Bd6 9. O-O Re8 10. Qc2 {[%emt 0:03:30] Die Stellung ist ausgeglichen.} Ba6 11. Bxa6 Nxa6 12. Nb5 Bf8 13. Rac1 c5 14. Qa4 Nc7 15. Nxc7 Qxc7 16. dxc5 bxc5 17. Bc3 Ne4 18. Rfd1 Qb7 19. Nd2 Ng5 20. Qg4 Ne6 21. Nf3 Rad8 22. b3 Rd6 23. Qh5 {[%emt 0:04:31] [#]} (23. Be5 $11 Rb6 24. Qf5) 23... d4 $1 {[%emt 0:02:54] Droht ...Rd5 und aus.} 24. Bd2 (24. exd4 $2 {zu gefräßig.} Nf4 25. Qg4 Ne2+ 26. Kh1 Nxc1 27. Rxc1 cxd4 $19 (27... Re4 $2 28. Qf5 $19)) (24. Ba1 Red8) 24... Red8 25. exd4 $2 {[%emt 0:04:19][%mdl 8192] [#] Davon erholt Weiß sich nicht mehr.} (25. Re1 $17) 25... g6 $1 $19 26. Qe5 Nxd4 27. Nxd4 Rxd4 28. Qe3 Rd3 {[%emt 0:02:52] Schwarz steht klar auf Gewinn.} 29. Qe2 Qd5 30. Rc2 {[%emt 0:00:00] [#]} Bh6 $1 31. f4 {[%emt 0:00:00] [#]} (31. Kf1 Bxd2) 31... c4 $1 32. bxc4 (32. Rxc4 Rxd2) 32... Qd4+ 33. Qf2 {[%emt 0:00:40] [#]} Bxf4 $1 34. Qxd4 R8xd4 ({Nicht} 34... R3xd4 35. Bxf4 Rxd1+ 36. Kf2 $19) 35. Kf2 Rxd2+ 36. Rdxd2 Rxd2+ 37. Rxd2 Bxd2 38. Ke2 Bb4 39. Kd3 Kf8 {[%emt 0:00:00] Gewichteter Fehlerwert: Weiß=0.53/Schwarz=0.16 (sehr präzise) .  Verlustzug:     	Weiß=1     	---        Fehler:       	Weiß=1     	---        Ungenau:       	Weiß=4     	Schwarz=2     OK:         	Weiß=12    	Schwarz=13    Bester:       	Weiß=1     	---        Stark:        	---       	Schwarz=1     Brilliant:      	---       	Schwarz=1} 0-1

[Event "Fagernes GM Open Autumn 2024"]
[Site "Fagernes"]
[Date "2024.10.07"]
[Round "2.12"]
[White "Namitbir Singh Walia"]
[Black "Stremavicius, Titas"]
[Result "0-1"]
[ECO "B13"]
[WhiteElo "2351"]
[BlackElo "2541"]
[Annotator "TA"]
[PlyCount "96"]
[EventDate "2024.10.03"]
[EventType "swiss"]
[EventCountry "NOR"]
[SourceTitle "playchess.com"]
[Source "ChessBase"]
[SourceQuality "1"]
[TimeControl "40/6000:2400+30"]

1. e4 c6 2. d4 d5 3. exd5 cxd5 4. Bd3 Nc6 5. c3 Qc7 6. h3 Nf6 7. Nf3 g6 8. Qc2 Nh5 9. O-O Nf4 10. Bb5 {[%emt 0:10:15] c4 would now be deadly. White has an edge.} a6 11. Bxc6+ bxc6 12. Ne5 Ne6 (12... Bf5 {is more complex.} 13. Qd1 Ne6 14. g4 Be4) 13. f4 f6 14. Nd3 c5 15. dxc5 Nxc5 16. Be3 Bf5 $1 17. Bxc5 Qxc5+ 18. Nxc5 Bxc2 19. Ne6 Kf7 20. Nxf8 Rhxf8 21. Rf2 Bf5 22. Nd2 Rfc8 23. Rd1 a5 24. Nf1 Rc5 25. Rfd2 Rd8 26. Ne3 Be4 27. c4 e6 28. cxd5 exd5 29. Rd4 f5 30. R1d2 Ke6 31. Nd1 Rg8 32. h4 h6 33. Nc3 g5 34. hxg5 hxg5 35. fxg5 Rxg5 36. Nxe4 $2 {[%emt 0:00:00] Now White is beyond hope.} (36. Ra4 $17 {was called for.}) 36... fxe4 $15 {[%emt 0:00:00][%mdl 4096] Endgame. KRR-KRR} ({Less strong is} 36... dxe4 37. Ra4 $15) 37. Kf2 Rf5+ 38. Ke3 Rc1 {[%emt 0:00:07] Hoping for ...Re1+.} 39. Re2 $2 (39. Ra4 {only move.}) 39... Rff1 {[%emt 0:01:41] [#] White must now prevent ...Ke5.} 40. Rdd2 $2 (40. Ra4 Rf5 41. Ra3) 40... Ke5 $19 41. Rd4 Rfe1 42. Ra4 {[%emt 0:02:01] [#]} d4+ $1 43. Kf2 e3+ 44. Kf3 Rf1+ 45. Kg3 Ke4 {[%emt 0:00:07] ( -> ...Rc8)} 46. Ra3 Rc8 {[%emt 0:00:10] Black mates.} 47. Kh2 Rh8+ 48. Kg3 Rfh1 {[%emt 0:00:11] Weighted Error Value: White=0.75/Black=0.09 (flawless) .  Loses game:     	White=1     	---        Mistake:       	White=2     	---        Inaccurate:     	White=4     	Black=2      OK:         	White=11    	Black=14     Best:        	White=1     	Black=1      Strong:       	---       	Black=1} 0-1

[Event "Fagernes GM Open Autumn 2024"]
[Site "Fagernes"]
[Date "2024.10.07"]
[Round "2.13"]
[White "Skotheim, Andreas"]
[Black "Amar, Elham"]
[Result "1/2-1/2"]
[ECO "E44"]
[WhiteElo "2234"]
[BlackElo "2540"]
[Annotator "TA"]
[PlyCount "48"]
[EventDate "2024.10.03"]
[EventType "swiss"]
[EventCountry "NOR"]
[SourceTitle "playchess.com"]
[Source "ChessBase"]
[SourceQuality "1"]
[TimeControl "40/6000:2400+30"]

1. d4 Nf6 2. c4 e6 3. Nc3 Bb4 4. e3 b6 5. Nge2 Ne4 6. Bd2 Nxd2 7. Qxd2 Bb7 8. a3 Be7 9. e4 O-O 10. Ng3 d5 11. cxd5 exd5 12. Nxd5 Bg5 (12... Bxd5 $11 13. exd5 Qxd5) 13. f4 $16 {[%emt 0:11:32] Weiß steht aktiver.} Bh4 {[%emt 0:04:13] [#]} 14. Nc3 Nc6 (14... a6 $142 15. Be2 f5) 15. Rd1 Qd6 16. Be2 ({Vorzuziehen ist} 16. Bb5) 16... Rad8 17. d5 Ne7 18. Qe3 c6 19. dxc6 Qxc6 20. O-O g6 21. Bf3 Qe6 22. e5 Ba6 23. Be2 Bb7 24. Bf3 Ba6 $1 {[%emt 0:00:00] Gewichteter Fehlerwert: Weiß=0.20 (präzise) /Schwarz=0.17 (sehr präzise) .  Fehler:       	Weiß=1     	Schwarz=2     Ungenau:       	Weiß=1     	Schwarz=1     OK:         	Weiß=6     	Schwarz=6     Bester:       	Weiß=1     	---        Stark:        	---       	Schwarz=1} 1/2-1/2

[Event "Fagernes GM Open Autumn 2024"]
[Site "Fagernes"]
[Date "2024.10.07"]
[Round "2.14"]
[White "Krishnan, Ritvik"]
[Black "Blomqvist, Erik"]
[Result "1-0"]
[ECO "E42"]
[WhiteElo "2206"]
[BlackElo "2483"]
[Annotator "RC"]
[PlyCount "99"]
[EventDate "2024.10.03"]
[EventType "swiss"]
[EventCountry "NOR"]
[SourceTitle "playchess.com"]
[Source "ChessBase"]
[SourceQuality "1"]
[TimeControl "40/6000:2400+30"]

1. d4 Nf6 2. c4 e6 3. Nc3 Bb4 4. e3 c5 5. Nge2 d5 6. a3 Ba5 7. dxc5 dxc4 8. Bd2 O-O 9. Ng3 b6 10. Bxc4 bxc5 11. O-O Bb7 12. Qc2 Nbd7 13. Rfd1 Bc7 14. f4 Qe7 15. h3 Nd5 16. Rf1 Rfd8 17. Rae1 Rac8 18. e4 N5b6 19. Ba2 c4 20. e5 Nc5 21. Nce4 Nxe4 22. Nxe4 Qd7 23. Bb1 Bxe4 24. Qxe4 g6 25. Re2 Na4 26. Bc1 Qb5 27. Qf3 Qb3 28. Bc2 Qxf3 29. Rxf3 Bb6+ 30. Kf1 Nc5 31. Be3 Rd5 32. Rd2 Rcd8 33. Ke2 Nd7 34. Be4 Bxe3 35. Rxe3 Rxd2+ 36. Kxd2 Nc5+ 37. Kc3 Na4+ 38. Kxc4 Nxb2+ 39. Kb5 Rd4 40. Bc2 Nc4 41. Rc3 Nb6 42. g3 Rd7 43. Kc6 Re7 44. Bb3 Kf8 45. a4 Ke8 46. a5 Na8 47. Ba4 Kd8 48. Rb3 Kc8 49. Kd6 Rc7 50. Bc6 1-0

[Event "Fagernes GM Open Autumn 2024"]
[Site "Fagernes"]
[Date "2024.10.07"]
[Round "2.15"]
[White "Mannion, Stephen R"]
[Black "Das, Sayantan"]
[Result "0-1"]
[ECO "B12"]
[WhiteElo "2142"]
[BlackElo "2471"]
[Annotator "TA"]
[PlyCount "104"]
[EventDate "2024.10.03"]
[EventType "swiss"]
[EventCountry "NOR"]
[SourceTitle "playchess.com"]
[Source "ChessBase"]
[SourceQuality "1"]
[TimeControl "40/6000:2400+30"]

1. e4 c6 2. d4 d5 3. e5 Bf5 4. Nf3 e6 5. Be2 Ne7 6. O-O Ng6 {[%emt 0:00:00] B12: Caro-Kann: Advance Variation.} 7. c3 Nd7 $1 {[%emt 0:00:00] 7...Nd7 is better than 7...f6.} 8. a4 f6 9. exf6 Qxf6 10. Na3 Bd6 11. Nc2 $146 ({Predecessor:} 11. Bg5 Qf7 12. Nh4 Nxh4 13. Bxh4 O-O 14. Nc2 e5 15. Bg3 Rae8 16. Ne3 Be4 17. Bh5 {½-½ Pintor,S (2039)-Povshednyi,I (2249) Queima das Fitas op 2024 (5)}) 11... O-O 12. Ne3 Nf4 13. Nxf5 Nxe2+ 14. Qxe2 Qxf5 15. Bd2 Rae8 16. Rae1 a5 17. c4 e5 18. cxd5 e4 $1 (18... cxd5 $6 19. dxe5 Nxe5 20. Nxe5 Qxe5 21. Qxe5 Rxe5 22. Bxa5 Rxe1 23. Bxe1 $11) 19. Ng5 (19. Bxa5 exf3 20. Qxf3 Qxf3 (20... cxd5 $2 21. Qxf5 Rxf5 22. Rxe8+ $18) (20... Qxd5 $2 21. Qxd5+ cxd5 22. Bc3 $19) 21. gxf3 Ra8 (21... cxd5 $2 22. Rc1 $19) 22. dxc6 bxc6 $19) 19... cxd5 20. f4 Nf6 21. Bxa5 Ra8 (21... Bxf4 $6 22. Nh3 g5 (22... Nh5 23. g4 $16) 23. Bc7 $11) 22. Bc3 ({White should play} 22. Qb5 $1 $15) 22... h6 $17 (22... Bxf4 23. Nh3 (23. Bd2 Qxg5 24. Bxf4 Qh5 $18) 23... Nh5 24. Bd2 $18) 23. Nh3 Rxa4 24. Qb5 Qd7 25. Qxd7 Nxd7 26. g3 Bc7 27. Ra1 Rfa8 28. b3 {[%emt 0:00:14] [#]} (28. Rxa4 $142 Rxa4 29. f5) 28... Ra3 ({Better is} 28... Ra2 $1 29. Rxa2 Rxa2) 29. f5 (29. Rfb1 $17 {was the only chance.}) 29... R8a6 ({Black should try} 29... Nf6 $19 30. Nf2 Bb6 31. Rxa3 Rxa3) 30. Rxa3 $17 Rxa3 31. Rb1 Nb8 (31... Kf7 $142 {White must now prevent ...Kf6.} 32. Bb4 Ra6) 32. Kf2 (32. Nf2 $17) 32... Nc6 33. Ke3 (33. Ng1 {might work better.}) 33... Ra2 $19 34. Rb2 Ra1 35. Nf2 Ne7 36. g4 Bxh2 37. Bb4 (37. Nxe4 dxe4 38. Rxh2 Nd5+ 39. Kxe4 Nxc3+ $19) 37... Nc6 38. Bc5 Bg3 39. Ke2 Rg1 40. Nd1 Bf4 41. Nf2 Bc7 42. Ra2 b6 43. Ra6 bxc5 44. Rxc6 Ba5 45. Nh3 $2 (45. Nxe4 Re1+ (45... dxe4 $2 46. dxc5 Kf7 47. Rg6 $19) (45... cxd4 46. Nf2 $15) (45... Rxg4 46. Nxc5 Rxd4 47. Ne6 $15) 46. Kf2 Rxe4 47. dxc5) 45... Re1+ $19 ({Less strong is} 45... Rxg4 46. Rxc5 Bb6 47. Rxd5 $15) 46. Kf2 e3+ 47. Kf3 cxd4 48. g5 Rf1+ 49. Ke2 Rxf5 50. gxh6 Rh5 51. Nf4 Rh2+ (51... Rxh6 52. Rxh6 gxh6 53. Nxd5) 52. Kd1 d3 0-1

[Event "Fagernes GM Open Autumn 2024"]
[Site "Fagernes"]
[Date "2024.10.07"]
[Round "2.16"]
[White "Hillarp Persson, Tiger"]
[Black "Southcott-Moyers, Indy"]
[Result "1-0"]
[ECO "A07"]
[WhiteElo "2455"]
[BlackElo "2143"]
[Annotator "TA"]
[PlyCount "113"]
[EventDate "2024.10.03"]
[EventType "swiss"]
[EventCountry "NOR"]
[SourceTitle "playchess.com"]
[Source "ChessBase"]
[SourceQuality "1"]
[TimeControl "40/6000:2400+30"]

1. Nf3 d5 2. g3 b6 3. c4 dxc4 4. Na3 Bb7 5. Nxc4 Nf6 6. Bg2 {[%emt 0:00:00] A07: Réti Opening: New York and Capablanca Systems.} e6 7. O-O Nbd7 8. d4 Be7 9. Bg5 O-O 10. Rc1 c5 11. Nfe5 Bxg2 12. Kxg2 Nxe5 (12... Qc7 {is more complex.} 13. e3 h6 14. Bxf6 Bxf6 15. Nxd7 Qxd7 16. dxc5 Qc6+) 13. dxe5 Nd5 14. Bxe7 Nxe7 $146 ({Predecessor:} 14... Qxe7 15. Qb3 Nb4 16. Rfd1 Rad8 17. Rd6 Rxd6 18. exd6 Qd7 {½-½ Dubov,D (2712)-Abdusattorov,N (2676) Wch Rapid Almaty 2022 (9)}) 15. Qxd8 Rfxd8 16. Rfd1 Kf8 17. f4 h5 18. Kf2 Nf5 19. e4 Rxd1 20. Rxd1 Nd4 21. b4 Rb8 22. Rd2 Ke7 23. Ke3 Nc6 24. bxc5 bxc5 25. Rd6 Rc8 26. a3 g5 27. Rd2 (27. fxg5 Nxe5 28. Nxe5 Kxd6 29. Nxf7+ Ke7 $19) 27... gxf4+ 28. gxf4 Rd8 {[%emt 0:04:01] [#]} (28... Rg8 $14 {feels stronger.}) 29. Rb2 (29. Rxd8 $1 $16 Nxd8 30. Na5) 29... Rb8 (29... Rd4 $1 $14 30. Rc2 Rd1) 30. Rxb8 $16 Nxb8 31. Na5 a6 (31... f6 $16) 32. Nb7 Nd7 33. Kd3 f6 (33... h4 $142 34. h3 (34. Kc4 f6 $14) 34... f6) 34. exf6+ $18 Nxf6 35. Nxc5 Ng4 $2 (35... e5 36. Nxa6 (36. fxe5 Ng4 $18) 36... exf4) 36. h4 $18 (36. Nxa6 Nxh2 37. e5 Nf1 $18) 36... e5 37. f5 (37. Nxa6 exf4 38. Ke2 Ne5 $16) 37... a5 38. a4 Nf2+ 39. Ke2 Ng4 40. Nb7 Nf6 41. Kd3 (41. Nxa5 Nxe4 42. Nc6+ Kd6 $11) 41... Nd7 42. Kc4 (42. Nxa5 Nc5+ 43. Kc4 Nxa4 $16) 42... Nf6 43. Nc5 Kd6 44. Kb5 Ng4 45. Nb3 Nf6 46. Nd2 Nd7 47. Nc4+ Kc7 48. Kxa5 Nc5 49. Nd2 (49. f6 $142 Ne6 50. f7 (50. Nxe5 Kd6 $18) 50... Nf8 51. Kb5 (51. Nxe5 Kd6 $18) 51... Ne6 52. Nxe5 Nf8 53. Nf3 Kd8 54. Ng5) 49... Kc6 50. Kb4 Nd3+ 51. Kc4 Nb2+ {[%emt 0:00:06] [#]} 52. Kb3 $1 Nd3 53. a5 Kb5 54. f6 Kxa5 55. f7 Nc5+ 56. Kc4 Nd7 57. Kd5 1-0

[Event "Fagernes GM Open Autumn 2024"]
[Site "Fagernes"]
[Date "2024.10.07"]
[Round "2.17"]
[White "Sorensen, Hampus"]
[Black "Aamodt, Peder Marcus"]
[Result "1-0"]
[ECO "B53"]
[WhiteElo "2423"]
[BlackElo "2126"]
[Annotator "TA"]
[PlyCount "75"]
[EventDate "2024.10.03"]
[EventType "swiss"]
[EventCountry "NOR"]
[SourceTitle "playchess.com"]
[Source "ChessBase"]
[SourceQuality "1"]
[TimeControl "40/6000:2400+30"]

1. e4 c5 2. Nf3 d6 3. Nc3 Nf6 4. d4 cxd4 5. Qxd4 Nc6 6. Qd3 g6 7. Nd5 Bg7 8. c3 {[%emt 0:00:00] The position is equal.} O-O 9. Bg5 Nxd5 10. exd5 Ne5 11. Nxe5 dxe5 12. Rd1 Qd6 13. Be2 e6 14. Bf3 h6 (14... f5 $11 {is more appropriate.} 15. Qc4 e4) 15. Be3 $14 Re8 (15... exd5 $14 16. Bxd5 (16. Qxd5 Qa6 $11) 16... Be6) 16. O-O {[%emt 0:10:24] White is more active.} ({White should try} 16. Qb5 $16 Qd7 17. Qc4) 16... exd5 17. Bxd5 Be6 18. Qb5 ({Reject} 18. Bxb7 Qxd3 19. Rxd3 Rab8 $11) 18... a6 19. Qb3 Bxd5 20. Rxd5 Qe6 21. Rfd1 b5 22. a4 Rab8 23. a5 Rbc8 24. Qc2 Rc6 {[%emt 0:03:48] Inhibits Rd6.} 25. Qd2 h5 26. h3 Kh7 27. Rd7 Re7 $2 {[%emt 0:02:02] [#] Loses the game.} (27... Bf8 $16) 28. Rxe7 $1 $18 Qxe7 29. Qd7 Qxd7 30. Rxd7 {[%emt 0:00:00][%mdl 4096] Endgame. KRB-KRB} Rc4 $2 (30... Rf6 {was worth a try.} 31. g4 Kg8) 31. Rxf7 b4 32. cxb4 Rxb4 33. Bc5 Rb8 34. Ra7 {[%emt 0:00:00] White is clearly winning.} Kg8 35. b4 e4 (35... Bf8 $142 36. Rxa6 Bxc5) 36. Rxa6 Bc3 37. Rxg6+ Kf7 38. Rb6 {[%emt 0:00:00] Weighted Error Value: White=0.20 (precise) /Black=0.32.  Mistake:       	White=1     	Black=5      Inaccurate:     	White=1     	Black=3      OK:         	White=10    	Black=10     Best:        	White=1     	---        Strong:       	White=1     	---} 1-0

[Event "Fagernes GM Open Autumn 2024"]
[Site "Fagernes"]
[Date "2024.10.07"]
[Round "2.18"]
[White "Hansen, Torbjorn Ringdal"]
[Black "Harish, Neeraj"]
[Result "0-1"]
[ECO "A13"]
[WhiteElo "2415"]
[BlackElo "2024"]
[Annotator "TA"]
[PlyCount "84"]
[EventDate "2024.10.03"]
[EventType "swiss"]
[EventCountry "NOR"]
[SourceTitle "playchess.com"]
[Source "ChessBase"]
[SourceQuality "1"]
[TimeControl "40/6000:2400+30"]

1. c4 e6 2. g3 d5 3. Bg2 d4 4. Nf3 Nc6 5. O-O Bc5 6. d3 Nf6 7. Nbd2 a5 8. Nb3 {[%emt 0:01:10] Dodges e5. The position is equal.} Be7 9. e3 dxe3 10. Bxe3 Ng4 11. Bc5 a4 12. Bxe7 Qxe7 13. Nbd4 Nxd4 14. Nxd4 e5 15. Nf3 O-O 16. h3 Nh6 17. Re1 f6 18. d4 e4 19. d5 f5 20. Qd4 c5 21. Qc3 Nf7 22. Nd2 Qg5 23. h4 Qg6 24. b4 cxb4 25. Qxb4 Ne5 26. Qc3 Nd3 27. Re3 Qf7 (27... Nc5 $11 {keeps the balance.}) 28. Rb1 (28. f3 $16 Qc7 29. fxe4) 28... Ra6 (28... Qc7 $14) 29. f4 ({Only move:} 29. f3 $1 $16 ) 29... Qc7 30. Qd4 Rg6 (30... Nc5 $11) 31. Rf1 $2 {[%emt 0:07:05] [#]} (31. h5 $16 {stays on course.} Rh6 32. Rxd3 exd3 33. c5) 31... Qb6 {[%emt 0:13:08] Black is more active.} (31... Nb4 $1 $17 {[%cal Rb4c2] And now ...Nc2! would win.} 32. Rc3 Nxa2) 32. Rxd3 exd3 33. c5 {[%emt 0:00:00] [#]} Qa5 (33... Qd8 $1 $17 {keeps the pressure on.} 34. Nf3 Rxg3 35. Qxd3 Bd7 (35... Qxh4 36. Qd4 $15)) 34. Nc4 $16 Qb4 {[%emt 0:00:00] ...b5 is the strong threat.} 35. Kh2 $2 (35. a3 $16 {is necessary to keep the advantage.} Qb3 36. Rf3) 35... b5 $19 36. cxb6 {[%emt 0:00:25][%cal Od5d6] Hoping for d6!} Ba6 37. Rc1 Rc8 $2 (37... d2 $19 38. Qxd2 Qxd2 39. Nxd2 Rxb6) 38. d6 Rxd6 (38... Bxc4 $2 39. b7 Rd8 40. Rxc4 Qxd6 41. Qd5+ (41. Bd5+ Kf8 $18) 41... Kf8 42. Rc8 (42. Qxf5+ Rf6 $18) 42... Qxd5 43. Bxd5 $18) (38... Rxc4 39. Qd5+ (39. Qxd3 $2 Rxd6 40. Bd5+ Kh8 $19) (39. Rxc4 Qxd6 40. b7 Bxb7 $18) 39... Kf8 40. d7 (40. Qxf5+ Rf6 $11) 40... Qd6 41. d8=Q+ (41. d8=R+ Ke7 42. Rxd6 Rxd6 43. Qe5+ Re6 44. Qxg7+ Kd8 45. Rxc4 Bxc4 46. Qc7+ Ke8) 41... Qxd8 42. Qxd8+ Kf7 43. Bd5+ (43. Qxd3 Rxc1 44. Qxa6 Rxb6 $18) 43... Re6 44. Qd7+ (44. Bxc4 Bxc4 45. b7 h6 46. b8=Q Kg6 47. Rxc4 Re2+ 48. Kh3 Rh2+ 49. Kxh2 Kh5) 44... Kf8 45. Qxe6 (45. Bxc4 Re2+ 46. Kh3 Bxc4 47. Rxc4 Re8 48. Rc7 Re7 49. Qxe7+ Kg8 50. Qxg7#) 45... Rc2+ 46. Rxc2 dxc2 47. Qf7#) 39. Bd5+ $2 (39. Qe5 $11 Rf6 (39... Bxc4 $2 40. b7 $18) 40. a3) 39... Kh8 {[%emt 0:00:02] Black is clearly winning.} 40. a3 {[%emt 0:00:57] [#]} Rxc4 $1 41. Qe3 {[%emt 0:15:09] [#]} (41. Qe5 Qd2+) 41... Re4 $1 42. b7 (42. Qxd3 Qb2+) 42... Bxb7 {[%emt 0:00:40] Weighted Error Value: White=0.78/Black=0.32.  Loses game:     	White=2     	---        Missed win:     	---       	Black=1      Mistake:       	White=3     	Black=5      Inaccurate:     	White=1     	---        OK:         	White=14    	Black=15     Best:        	White=4     	Black=3} ({Inferior is} 42... Rxe3 43. Rc8+ (43. axb4 $2 {loses.} Rd8 $19) (43. axb4 $2 Rd8 $19)) 0-1

[Event "Fagernes GM Open Autumn 2024"]
[Site "Fagernes"]
[Date "2024.10.07"]
[Round "2.19"]
[White "Myagmarsuren, Evsuld"]
[Black "Sherman, Raem"]
[Result "1-0"]
[ECO "B23"]
[WhiteElo "2171"]
[BlackElo "2390"]
[Annotator "TA"]
[PlyCount "83"]
[EventDate "2024.10.03"]
[EventType "swiss"]
[EventCountry "NOR"]
[SourceTitle "playchess.com"]
[Source "ChessBase"]
[SourceQuality "1"]
[TimeControl "40/6000:2400+30"]

1. e4 c5 2. Nc3 Nc6 3. Bb5 Nd4 4. Nf3 g6 5. Nxd4 cxd4 6. Ne2 Bg7 7. c3 e5 8. O-O {[%emt 0:06:54] White is slightly better.} Ne7 9. d3 dxc3 10. bxc3 O-O 11. Ba3 d6 12. Qb1 a6 13. Ba4 Nc6 14. c4 Qc7 15. c5 dxc5 (15... Qa5 $1 $15 16. Qc2 Bg4 17. Bxc6 (17. cxd6 $2 {loses.} Bxe2 18. Qxe2 Qxa4 $19) 17... Bxe2 (17... Qxa3 18. Bxb7 Qxc5 19. Qxc5 $16) (17... bxc6 18. Qc3 $11) 18. Qxe2 bxc6) 16. Bxc5 $11 Re8 17. Qb6 Qxb6 18. Bxb6 Re6 19. Rab1 Bf8 20. Nc3 Nb4 21. Ba5 (21. Nd5 Nxd5 22. exd5 Rd6 $16) 21... Nxd3 22. Nd5 $36 {[%emt 0:00:00][%mdl 2048] White has the initiative.} Bd6 $2 {[%emt 0:00:48] This costs Black the game.} ({Black should play} 22... Nc5 $14 23. Nc7 Rb8 24. Nxe6 Bxe6) 23. Nb6 $18 Rb8 {[%emt 0:00:36] [#]} 24. Nxc8 $1 Bc5 (24... Rxc8 25. Bd7 (25. Rxb7 Nc5 $15) 25... Rc5) 25. Nb6 Bd4 26. Bb3 Rc6 27. Nd5 Kg7 28. Nb4 Nxb4 29. Bxb4 Rbc8 30. Bd2 b5 31. Rbc1 Bb2 32. Rxc6 Rxc6 33. g3 f5 34. exf5 gxf5 35. Rd1 Kf6 36. h4 Kg6 37. Be3 h6 38. Rd7 {[%emt 0:00:51][%cal Oh4h5] h5+! would kill now.} Rf6 {[%emt 0:00:00] [#]} 39. h5+ $1 Kxh5 40. Rg7 {[%emt 0:00:00][%cal Rb3d1] White mates.} f4 {[%emt 0:00:00] [#]} 41. Kg2 $1 fxe3 (41... Rg6 42. Bf7) 42. Bd1+ {[%emt 0:00:06] Weighted Error Value: White=0.06 (flawless) /Black=0.46.  Loses game:     	---       	Black=1      Mistake:       	---       	Black=2      Inaccurate:     	White=2     	Black=1      OK:         	White=15    	Black=9      Best:        	White=2     	Black=1      Strong:       	White=1     	---        Brilliant:      	White=1     	---} 1-0

[Event "Fagernes GM Open Autumn 2024"]
[Site "Fagernes"]
[Date "2024.10.07"]
[Round "2.20"]
[White "Moksh Amit Doshi"]
[Black "Bjorkan, Olav"]
[Result "1-0"]
[ECO "D38"]
[WhiteElo "2377"]
[BlackElo "2022"]
[Annotator "RC"]
[PlyCount "145"]
[EventDate "2024.10.03"]
[EventType "swiss"]
[EventCountry "NOR"]
[SourceTitle "playchess.com"]
[Source "ChessBase"]
[SourceQuality "1"]
[TimeControl "40/6000:2400+30"]

1. d4 Nf6 2. c4 e6 3. Nf3 d5 4. Nc3 Bb4 5. Bg5 O-O 6. e3 c5 7. cxd5 exd5 8. Bd3 Bg4 9. a3 Bxc3+ 10. bxc3 Nbd7 11. O-O Qa5 12. Qc2 Bxf3 13. gxf3 cxd4 14. cxd4 Rac8 15. Qb2 Qb6 16. Qxb6 Nxb6 17. Bf5 Rc6 18. Rfc1 Nc4 19. a4 h6 20. Bh4 g6 21. Bh3 Nh5 22. Be7 Re8 23. Bb4 f5 24. Bf1 Nf6 25. Bc5 b6 26. Rxc4 bxc5 27. Rxc5 Rxc5 28. dxc5 Rc8 29. Rb1 Rxc5 30. Rb8+ Kf7 31. Rb7+ Ke6 32. Rxa7 Rc1 33. Ra6+ Kf7 34. a5 Ra1 35. Kg2 f4 36. Ra7+ Ke6 37. a6 Ra2 38. Kg1 Ra1 39. Rb7 Ke5 40. a7 Nh5 41. Kg2 Ra2 42. Kh3 g5 43. Bb5 Nf6 44. Rc7 h5 45. exf4+ gxf4 46. Re7+ Kd6 47. Rf7 Kc5 48. Bd3 Ne8 49. Kh4 Nd6 50. Rh7 Kd4 51. Bb1 Ra1 52. Kxh5 Nb5 53. Rd7 Nxa7 54. Be4 Ra5 55. Kg4 Nc6 56. Kxf4 Ne5 57. Rd8 Nf7 58. Rf8 Ne5 59. Rd8 Nf7 60. Rd7 Ne5 61. Rd6 Nf7 62. Rf6 Ne5 63. Bf5 Ra2 64. Kg3 Nd3 65. h4 Nxf2 66. Re6 Nd1 67. h5 Ne3 68. Bg6 Re2 69. Re8 Re1 70. Kf4 Rh1 71. Rxe3 Rh4+ 72. Kg5 Rxh5+ 73. Bxh5 1-0

[Event "Fagernes GM Open Autumn 2024"]
[Site "Fagernes"]
[Date "2024.10.07"]
[Round "2.21"]
[White "Kaewpitakkun, Pantham"]
[Black "Krivenko, Dion"]
[Result "0-1"]
[ECO "B06"]
[WhiteElo "2023"]
[BlackElo "2244"]
[Annotator "RC"]
[PlyCount "78"]
[EventDate "2024.10.03"]
[EventType "swiss"]
[EventCountry "NOR"]
[SourceTitle "playchess.com"]
[Source "ChessBase"]
[SourceQuality "1"]
[TimeControl "40/6000:2400+30"]

1. e4 g6 2. d4 d6 3. Nc3 a6 4. Be3 Nd7 5. Qd2 Ngf6 6. Be2 b5 7. a3 Bb7 8. f3 e5 9. d5 Bg7 10. Nh3 O-O 11. Nf2 Nh5 12. O-O-O Rc8 13. Nd3 Nb6 14. b3 Nf4 15. Nxf4 exf4 16. Bd4 Be5 17. Kb2 Qf6 18. Bxe5 dxe5 19. g4 Rfd8 20. h4 c6 21. d6 c5 22. g5 Qg7 23. h5 Rc6 24. Bf1 Bc8 25. hxg6 fxg6 26. Nd5 Rcxd6 27. Qf2 Rxd5 28. exd5 e4+ 29. Ka2 e3 30. Qh4 Rxd5 31. Bh3 Qc3 32. Rxd5 Qxc2+ 33. Ka1 Qc3+ 34. Ka2 Nxd5 35. Rh2 Qc1 36. Be6+ Bxe6 37. Qxh7+ Kf8 38. Qh8+ Bg8 39. Qh6+ Kf7 0-1